 Dungeon Crawl Stone Soup version 0.26.1-11-gd32895ea62 (webtiles) character file.

Game seed: 10986928288527648066

52 Zeld the Digger (level 3, 0/19 HPs)
             Began as a Gargoyle Earth Elementalist on Sept 2, 2021.
             Slain by an adder (3 damage)
             ... on level 1 of the Dungeon.
             The game lasted 00:02:04 (1804 turns).

Zeld the Digger (Gargoyle Earth Elementalist)       Turns: 1804, Time: 00:02:04

Health: 0/19       AC:  5    Str: 11    XL:     3   Next: 85%
Magic:  6/6        EV: 12    Int: 16    God:
Gold:   86         SH:  0    Dex: 10    Spells: 1/7 levels left

rFire    . . .     SeeInvis .   (no weapon)
rCold    . . .     Faith    .   (no shield)
rNeg     + . .     Spirit   .   c - +0 robe
rPois    ∞         Reflect  .   (no helmet)
rElec    +         Harm     .   (no cloak)
rCorr    .         Rampage  .   (no gloves)
Will     .....                  (no boots)
Stlth    ++........             (no amulet)
HPRegen  0.06/turn              (no ring)
MPRegen  0.10/turn              (no ring)

@: no status effects
A: negative energy resistance 1, electricity resistance, unbreathing,
petrification resistance, miasma immunity, AC +3
a: no special abilities


You were on level 1 of the Dungeon.
You visited 1 branch of the dungeon, and saw 2 of its levels.

You collected 86 gold pieces.

Inventory:

Armour
 c - a +0 robe (worn)
Scrolls
 a - a scroll of fog {unknown}
 e - a scroll of remove curse {unknown}
 f - a scroll of magic mapping {unknown}
 g - 3 scrolls of teleportation {unknown}
 h - a scroll of blinking {unknown}
 i - 2 scrolls of identify {unknown}
 m - a scroll of enchant weapon {unknown}
Potions
 d - 2 potions of haste {unknown}
 j - a potion of might
 k - a potion of brilliance {unknown}
 l - a potion of curing {unknown}


   Skills:
 + Level 0.9 Armour
 + Level 1.8 Dodging
 + Level 2.4 Stealth
 * Level 2.6 Spellcasting
 + Level 0.5 Conjurations
 - Level 1.0 Transmutations
 * Level 4.2 Earth Magic


You had one spell level left.
You knew the following spells:

 Your Spells              Type           Power        Failure   Level
a - Sandblast             Erth           30%          3%          1
b - Passwall              Tmut/Erth      8%           10%         2
c - Stone Arrow           Conj/Erth      18%          22%         3

Your spell library contained the following spells:

 Spells                   Type           Power        Failure   Level
 Petrify                  Tmut/Erth      10%          54%         4
 Lee's Rapid Deconstruct  Erth           7%           67%         5


Dungeon Overview and Level Annotations

Branches:
Dungeon (2/15)

Altars:


Innate Abilities, Weirdness & Mutations

You are resistant to torment.
Your stone body is resilient. (AC +3)
You are immune to poison.
You resist negative energy. (rN+)
You are resistant to electric shocks. (rElec)
You can survive without breathing.
You are immune to petrification.
You are immune to miasma.


Message History

The adder closely misses you.
You barely miss the adder.
The adder is moderately wounded.
The adder bites you but does no damage.
You hit the adder.
The adder is heavily wounded.
The adder bites you.
* * * LOW HITPOINT WARNING * * *
The adder closely misses you.
You hit the adder.
The adder is severely wounded.
The adder bites you.
* * * LOW HITPOINT WARNING * * *
You closely miss the adder.
The adder is severely wounded.
The adder misses you.
You miss the adder.
The adder is severely wounded.
The adder bites you but does no damage. The adder bites you.
You die...

........##...##..................
........#..<..#..................
........##...##...##.........#...
.........##'##....#..............
.###..............#..............
.# #..............#..............
.# ##############...............#
## ######.............#
#..@SKK...>........#
#.####....##.......# #.#
#....###......# #.# #....#
#......# #.# #....# #......# #.#
#....# #......# #.# ######
#......# ########.# #......#
#........# ########


You could see an adder and 2 kobolds.

Vanquished Creatures
  An adder (D:1)
  An ooze (D:1)
  3 dart slugs
  A leopard gecko (D:1)
  2 ball pythons (D:1)
  4 bats
  4 hobgoblins
  4 jackals (D:1)
  6 kobolds
  2 frilled lizards
  2 rats (D:1)
30 creatures vanquished.

Notes
Turn   | Place    | Note
-------+----------+-------------------------------------------
     0 | D:1      | Zeld the Gargoyle Earth Elementalist began the quest for
                  | the Orb.
     0 | D:1      | Reached XP level 1. HP: 10/10 MP: 3/3
   124 | D:1      | Reached XP level 2. HP: 5/15 MP: 0/5
   488 | D:1      | Learned a level 2 spell: Passwall
   613 | D:1      | Reached skill level 4 in Earth Magic
   686 | D:1      | Reached skill level 1 in Transmutations
   711 | D:1      | Reached XP level 3. HP: 19/19 MP: 4/6
   715 | D:1      | Learned a level 3 spell: Stone Arrow
  1804 | D:1      | Slain by an adder

Illustrated notes

Levels and vault maps discovered:
D:1:      dpeg_arrival_shelter, layout_basic
D:2:      layout_rooms

Skill      XL: |  1  2 |
---------------+-------+-----
Earth Magic    | 4 |  4.2
Transmutations | 1 |  1.0
Armour         | |  0.9
Dodging        | |  1.8
Stealth        | |  2.4
Spellcasting   | |  2.6
Conjurations   | |  0.5

Action                   || total
-------------------------++-------
Melee: Unarmed           ||    71
 Cast: Sandblast         ||    30
Armor: Robe              ||    44
Dodge: Dodged            ||    87
